 Dungeon Crawl Stone Soup version 0.29-a0-1065-g47a6bb87d6 (webtiles) character file.

Game seed: 2368237704629035171

1243 Sabo the Digger (level 8, 0/49 (54) HPs)
             Began as a Vampire Earth Elementalist on Aug 18, 2022.
             Was a Priest of Okawaru.
             Slain by a wight
             ... wielding a +2 long sword
              (5 damage)
             ... on level 7 of the Dungeon.
             The game lasted 00:31:49 (6283 turns).

Sabo the Digger (Vampire Earth Elementalist)        Turns: 6283, Time: 00:31:49

HP:   0/49 (54)     AC:  6    Str:  7    XL:     8   Next: 25%
MP:   3/16          EV: 13    Int: 19    God:    Okawaru [***...]
Gold: 253           SH:  0    Dex: 15    Spells: 14/18 levels left

rFire   . . .      SeeInvis +   u - +4 spear
rCold   . . .      Faith    .   (no shield)
rNeg    . . .      Spirit   .   a - +0 robe
rPois   .          Reflect  .   (no helmet)
rElec   .          Harm     .   (no cloak)
rCorr   .          Rampage  .   l - +0 pair of gloves
Will    .....                   p - +2 pair of boots
Stlth   +++.......              t - amulet of regeneration
HPRegen 1.16/turn               e - ring of wizardry
MPRegen 0.15/turn               (no ring)

@: healing quickly, drained
A: alive, fangs 3, see invisible, vampiric 2
a: Exsanguinate, Renounce Religion, Heroism


You were on level 7 of the Dungeon.
You worshipped Okawaru.
Okawaru was most pleased with you.
You visited 1 branch of the dungeon, and saw 7 of its levels.

You collected 253 gold pieces.

Inventory:

Hand Weapons
 g - a +0 sling
 m - a +0 war axe
 u - a +4 spear (weapon)
Missiles
 i - 7 javelins
 k - 5 boomerangs (quivered)
Armour
 a - a +0 robe (worn)
 l - a +0 pair of gloves (worn)
 p - a +2 pair of boots (worn)
Jewellery
 e - a ring of wizardry (left hand)
 t - an amulet of regeneration (around neck)
Scrolls
 d - a scroll of summoning
 n - 2 scrolls of blinking
Potions
 b - 2 potions of magic
 c - a potion of cancellation {unknown}
 f - 2 potions of lignification {unknown}
 h - 4 potions of curing
 o - 2 potions of flight {unknown}
 r - a potion of mutation {unknown}
 s - a potion of heal wounds {unknown}
 v - a potion of haste {unknown}


   Skills:
 + Level 1.6 Fighting
 + Level 0.2(1.0) Axes
 + Level 1.6(1.7) Polearms
 + Level 3.6 Dodging
 + Level 5.0 Stealth
 + Level 5.9 Spellcasting
 + Level 0.5 Conjurations
 + Level 1.4 Transmutations
 + Level 6.5 Earth Magic


You had 14 spell levels left.
You knew the following spells:

 Your Spells              Type           Power      Damage    Failure   Level
a - Sandblast             Erth           60%        2d14      1%          1
b - Stone Arrow           Conj/Erth      38%        3d9       3%          3

Your spell library contained the following spells:

 Spells                   Type           Power      Damage    Failure   Level
 Passwall                 Tmut/Erth      16%        N/A       1%          2
 Petrify                  Tmut/Erth      20%        N/A       9%          4
 Gell's Gravitas          Tloc           5%         N/A       14%         3
 Lesser Beckoning         Tloc           5%         N/A       14%         3
 Teleport Other           Tloc           5%         N/A       14%         3


Dungeon Overview and Level Annotations

Branches:
Dungeon (7/15)             Temple (0/1) D:5

Altars:
Fedhas
Okawaru
Xom


Innate Abilities, Weirdness & Mutations

Your natural rate of healing is accelerated.
You have razor-sharp teeth.
You have supernaturally acute eyesight. (SInv)
You are afflicted with vampirism and can become a bat while bloodless.


Message History

The wight is lightly damaged.
The wight closely misses you.
You hit the wight. Your bite misses the wight.
The wight is lightly damaged.
The wight closely misses you.
You hit the wight. Your bite misses the wight.
The wight is moderately damaged.
The wight hits you with a +2 long sword!
You hit the wight.
The wight is heavily damaged.
The wight hits you with a +2 long sword.
You feel drained.
You hit the wight but do no damage. You bite the wight, but do no damage.
The wight is heavily damaged.
The wight hits you but does no damage.
You hit the wight. Your bite misses the wight.
The wight is heavily damaged.
The wight hits you with a +2 long sword.
You feel drained.
You hit the wight but do no damage.
The wight is heavily damaged.
The wight hits you with a +2 long sword.
You barely miss the wight. You punch the wight, but do no damage.
The wight is heavily damaged.
The wight hits you with a +2 long sword!
You feel drained.
You hit the wight. Your bite misses the wight.
The wight is almost destroyed.
The wight hits you with a +2 long sword!
* * * LOW HITPOINT WARNING * * *
You feel drained.
* * * LOW HITPOINT WARNING * * *
You closely miss the wight. You bite the wight, but do no damage.
The wight is almost destroyed.
The wight hits you with a +2 long sword.
* * * LOW HITPOINT WARNING * * *
You hit the wight but do no damage.
The wight is almost destroyed.
The wight hits you with a +2 long sword.
You die...

#.# #.#### #<...#
####.# #.# #.#
#######.#
.....>..###########.#
######.....)(@z))...#
##)############# ...#
#####


You could see a wight.

Vanquished Creatures
  Sigmund (D:3)
  An ogre (D:6)
  4 scorpions
  2 necrophages
  4 wights (D:7)
  A jelly (D:5)
  3 hounds (D:5)
  An orc priest (D:4)
  5 iguanas
  An orc wizard (D:6)
  A gnoll (D:1)
  3 adders
  A shadow imp (D:5)
  A white imp (D:6)
  An ufetubus (D:5)
  2 worms
  2 dart slugs
  8 orcs
  3 endoplasms
  4 giant cockroaches
  6 goblins
  2 quokkas
  8 ball pythons
  5 bats
  3 frilled lizards
  7 kobolds
  5 rats
85 creatures vanquished.

Notes
Turn   | Place    | Note
-------+----------+-------------------------------------------
     0 | D:1      | Sabo the Vampire Earth Elementalist began the quest for the
                  | Orb.
     0 | D:1      | Reached XP level 1. HP: 13/13 MP: 3/3
    98 | D:1      | Reached XP level 2. HP: 19/19 MP: 0/5
  1077 | D:2      | Gained mutation: You are afflicted with vampirism and can
                  | become a bat while bloodless. [Vampire growth]
  1077 | D:2      | Reached XP level 3. HP: 24/24 MP: 3/6
  2032 | D:2      | Found a faded altar of an unknown god.
  2058 | D:2      | Prayed at the altar of an unknown god.
  2058 | D:2      | Became a worshipper of Warmaster Okawaru
  2058 | D:2      | Reached * piety under Okawaru
  2540 | D:3      | Noticed Sigmund
  2546 | D:3      | Killed Sigmund
  2546 | D:3      | Reached ** piety under Okawaru
  2547 | D:3      | Reached skill level 4 in Earth Magic
  2547 | D:3      | Reached XP level 4. HP: 16/31 MP: 2/9
  2547 | D:3      | Reached XP level 5. HP: 18/36 MP: 2/10
  2931 | D:4      | Reached skill level 5 in Earth Magic
  3011 | D:4      | You fall into a shaft and drop 1 floor!
  3011 | D:5      | Entered Level 5 of the Dungeon
  3160 | D:4      | Reached XP level 6. HP: 22/42 MP: 3/11
  3973 | D:5      | Found a shimmering altar of Xom.
  4185 | D:5      | Learned a level 3 spell: Stone Arrow
  4249 | D:5      | Found a staircase to the Ecumenical Temple.
  4683 | D:5      | Reached XP level 7. HP: 47/47 MP: 8/13
  4754 | D:5      | Reached *** piety under Okawaru
  4799 | D:5      | Reached skill level 5 in Spellcasting
  4837 | D:5      | Reached skill level 6 in Earth Magic
  5300 | D:6      | Reached skill level 1 in Fighting
  5300 | D:6      | Reached skill level 1 in Polearms
  5532 | D:6      | Reached XP level 8. HP: 54/54 MP: 6/16
  5705 | D:6      | Found a blossoming altar of Fedhas.
  6266 | D:7      | Received a gift from Okawaru
  6271 | D:7      | Reached skill level 5 in Stealth
  6283 | D:7      | Slain by a wight

Illustrated notes

Levels and vault maps discovered:
D:1:      minmay_arrival_three_doors, layout_loops_ring, st_stairs_10,
          hangedman_decor_opposing
D:2:      layout_basic, hellmonk_ecumenical_altar_run_dry, grunt_ministairs_6
D:3:      layout_basic, dk_yredelemnul_ordeal, nicolae_qazlal_scattered_showers,
          minmay_misc_feat_hallway, hangedman_decor_clover_reticule,
          uniq_jessica, uniq_sigmund
D:4:      layout_basic
D:5:      minmay_chambers_of_threes, layout_rooms,
          mainiacjoe_overflow_small_starburst,
          minmay_temple_entry_statues_pillars
D:6:      layout_basic, general_overflow_altar, kennysheep_mini,
          kennysheep_generic_room_12
D:7:      kennysheep_seaside_town, layout_loops_ring,
          worldfamousw_hep_ancestral_shrine, uniq_menkaure

Skill      XL: |  1  2  3  4  5  6  7  8 |
---------------+-------------------------+-----
Spellcasting   | 3 4 5 |  5.9
Earth Magic    | 4 5 6 |  6.5
Stealth        | 4 5 |  5.0
Fighting       | 1 |  1.6
Polearms       | 1 |  1.6
Dodging        | 3 |  3.6
Axes           | |  0.2
Conjurations   | |  0.5
Transmutations | |  1.4

Action                   |  1- 3 |  4- 6 |  7- 9 || total
-------------------------+-------+-------+-------++-------
Melee: Unarmed           |     6 |       |       ||     6
       Short sword       |    11 |       |       ||    11
       Bite              |     1 |     1 |     6 ||     8
       War axe           |       |    13 |       ||    13
       Spear             |       |     7 |    65 ||    72
       Punch             |       |       |     1 ||     1
 Cast: Sandblast         |    44 |    55 |    19 ||   118
       Stone Arrow       |       |       |    15 ||    15
  Use: Scroll            |       |       |     5 ||     5
Armor: Robe              |     6 |     9 |    15 ||    30
Dodge: Dodged            |    13 |    26 |    45 ||    84

Table legend: (Time is in decaauts)
 A = Elapsed time spent in this place.
 B = Non-inter-level travel time spent in this place.
 C = Inter-level travel time spent in this place.
 D = Time resting spent in this place.
 E = Time spent auto-exploring this place.
 F = Levels seen in this place.
 G = Mean time per level.
                   A        B        C        D        E       F      G
               +--------+--------+--------+--------+--------+-----+--------+
         Total |   6350 |   6350 |      0 |   1914 |      0 |   7 |  907.1 |
       Dungeon |   6350 |   6350 |      0 |   1914 |      0 |   7 |  907.1 |
               +--------+--------+--------+--------+--------+-----+--------+

Top non-repeatable levels by time:
     D:2: 1456 daAuts
     D:5: 1382 daAuts
     D:6: 985 daAuts
     D:4: 970 daAuts
     D:1: 965 daAuts
     D:3: 525 daAuts
     D:7: 64 daAuts
